 Dungeon Crawl Stone Soup version 0.21.0-3-g78d12a8 (webtiles) character file.

22601 komo4ek the Unseen (level 12, 0/63 HPs)
             Began as a Spriggan Assassin on Jan 9, 2018.
             Was a Priest of Dithmenos.
             Succumbed to barbed spike wounds
             ... on level 11 of the Dungeon.
             The game lasted 01:50:24 (24337 turns).

komo4ek the Unseen (Spriggan Assassin)             Turns: 24337, Time: 01:50:25

Health: 0/63       AC:  7    Str:  7    XL:     12   Next: 64%
Magic:  19/19      EV: 31    Int: 14    God:    Dithmenos [***...]
Gold:   1027       SH:  0    Dex: 21    Spells: 15/19 levels left

rFire    + . .     SeeInvis +   s - +3 dagger (venom)
rCold    . . .     Gourm    .   (shield restricted)
rNeg     + . .     Faith    .   K - +2 robe {rN+}
rPois    .         Spirit   .   (helmet restricted)
rElec    .         Reflect  .   r - +0 cloak
rCorr    .         Harm     .   (gloves unavailable)
MR       ++++.                  (boots unavailable)
Stlth    +++++++++.             x - amulet of regeneration
HPRegen  0.60/turn              B - ring of protection from magic
MPRegen  0.16/turn              D - ring of protection from fire

@: barbed spikes, flying, wreathed by umbra, studying Dodging, very quick
A: very small, unfitting armour, slimy green scales 1, see invisible, herbivore,
speed 3, magic resistance 1, slow metabolism 2
a: Shadow Step, Renounce Religion


You were on level 11 of the Dungeon.
You worshipped Dithmenos.
Dithmenos was most pleased with you.
You were very hungry.

You visited 2 branches of the dungeon, and saw 16 of its levels.

You collected 1027 gold pieces.

Inventory:

Hand Weapons
 b - a +0 blowgun
 s - a +3 dagger of venom (weapon)
 v - a +4 dagger
 G - a +1 short sword of speed
Missiles
 e - 100 poisoned needles
 f - 4 curare-tipped needles
Armour
 r - a +0 cloak (worn)
 K - a +2 robe of positive energy (worn)
 M - +0 acid dragon scales
Jewellery
 d - a cursed -2 ring of dexterity {unknown}
 i - an uncursed amulet of magic regeneration {unknown}
 j - an uncursed amulet of the gourmand {unknown}
 u - a +3 ring of intelligence
 x - an amulet of regeneration (around neck)
 z - an uncursed amulet of rage
 B - a ring of protection from magic (left hand)
 D - a ring of protection from fire (right hand)
 E - a cursed +2 ring of strength {unknown}
 O - an uncursed ring of positive energy {unknown}
Wands
 c - a wand of polymorph (3)
 w - a wand of iceblast (9)
 C - a wand of disintegration (6)
Scrolls
 h - 2 scrolls of amnesia
 l - 7 scrolls of remove curse
 m - 3 scrolls of magic mapping
 n - 7 scrolls of identify
 p - 4 scrolls of teleportation
 q - a scroll of fear
 t - 2 scrolls of fog
 y - a scroll of blinking
Potions
 L - a potion of brilliance
 P - a potion of agility
Books
 a - a book of Debilitation

   Spells                             Type                      Level
   a - Corona                         Hexes                        1
   b - Slow                           Hexes                        2
   c - Inner Flame                    Hexes/Fire                   3
   d - Portal Projectile              Hexes/Translocation          3
   e - Cause Fear                     Hexes                        4
   f - Leda's Liquefaction            Hexes/Earth                  4
 o - a book of Beasts

   Spells                             Type                      Level
   a - Summon Butterflies             Summoning                    1
   b - Call Canine Familiar           Summoning                    3
   c - Summon Ice Beast               Ice/Summoning                4
   d - Summon Mana Viper              Hexes/Summoning              5
   e - Summon Hydra                   Summoning                    7
 H - a manual of Dodging
 I - a book of Party Tricks

   Spells                             Type                      Level
   a - Summon Butterflies             Summoning                    1
   b - Apportation                    Translocation                1
   c - Lesser Beckoning               Translocation                3
   d - Tukima's Dance                 Hexes                        3
   e - Alistair's Intoxication        Transmutation/Poison         5
   f - Invisibility                   Hexes                        6
 J - a book of Minor Magic

   Spells                             Type                      Level
   a - Magic Dart                     Conjuration                  1
   b - Blink                          Translocation                2
   c - Call Imp                       Summoning                    2
   d - Slow                           Hexes                        2
   e - Conjure Flame                  Conjuration/Fire             3
   f - Mephitic Cloud                 Conjuration/Poison/Air       3
Miscellaneous
 A - a phial of floods
Comestibles
 g - 14 rations


   Skills:
 + Level 7.2 Fighting
 + Level 9.3 Short Blades
 + Level 3.0 Throwing
 + Level 13.2 Dodging
 + Level 19.5 Stealth
 + Level 4.2 Spellcasting
 + Level 6.9 Hexes
 * Level 4.4 Translocations
 + Level 2.0 Invocations
 + Level 2.5 Evocations


You had 15 spell levels left.
You knew the following spells:

 Your Spells              Type           Power        Failure   Level  Hunger
a - Slow                  Hex            ###.....     1%          2    ##.....
b - Blink                 Tloc           N/A          4%          2    ##.....


Dungeon Overview and Level Annotations

Branches:
Dungeon (14/15)            Temple (0/1) D:6             Orc (2/2) D:10
    Elf (0/3) Orc:2
   Lair: D:8-11      Vaults: D:13-14

Altars:
Ashenzari
Cheibriados
Dithmenos
Fedhas
Gozag
Makhleb
Okawaru
Qazlal
Ru
Wu Jian
Xom
The Shining One

Shops:
D:2 *

Annotations:
D:2 2 transporters
D:4 Duvessa; kegs's ghost, amateur HOFi
D:9 Thaneod's ghost, novice MiAE
Orc:2 Erolcha


Innate Abilities, Weirdness & Mutations

You are very small and have problems with some larger weapons.
You are too small for most types of armour.
You have supernaturally acute eyesight. (SInv)
You are a herbivore.
You cover ground extremely quickly.
You need consume almost no food.
You are partially covered in slimy green scales. (AC +2)
You are resistant to hostile enchantments. (MR+)


Message History

The barbs in your skin will harm you if you move.
Continue?
The barbed spikes dig painfully into your body as you move.
The barbed spikes dig painfully into your body as you move.
* * * LOW HITPOINT WARNING * * *
The barbed spikes dig painfully into your body as you move.
* * * LOW HITPOINT WARNING * * *
The barbed spikes dig painfully into your body as you move.
* * * LOW HITPOINT WARNING * * *
The barbed spikes dig painfully into your body as you move.
* * * LOW HITPOINT WARNING * * *
You are too injured to fight recklessly!
It was a potion of flight.
You feel very buoyant.
You fly up into the air.
Quiver which item? (- for none, * to show all) (? for menu, Esc to quit)
Okay, then.
You are too injured to fight recklessly!
Magic courses through your body.
The barbed spikes dig painfully into your body as you move.
You die...

########.#.#..# #.#..# #..
.........#....# #.#..# #..
..........###.# #.#..# #..
..........'...####.#..# ######..
..........#H.......#... .........
)......†..#.######## .########
..........#.#...# #
..........#.#.#.######## #######
...|......#.#...@....... .......
..........#.###.#################
..........#.....# .......<.....#.
..........#.##### ######.#####.#.
H############ #. #. .# ## #. †#
#. .# #. H# #.


There were no monsters in sight!

Vanquished Creatures
  Erica (D:10)
  A centaur warrior (D:9)
  2 two-headed ogres
  An unseen horror (D:11)
  A wizard (D:14)
  Pikel (D:7)
  A harpy (D:11)
  A cyclops (D:13)
  4 ugly things
  A gargoyle (D:13)
  A komodo dragon (D:13)
  An efreet (D:13)
  3 trolls
  A wolf spider simulacrum (D:13)
  Prince Ribbit (D:6)
  2 hippogriffs
  A meliai zombie (D:14)
  A shadow (D:14)
  14 yaks
  A basilisk (D:13)
  A vampire (D:13)
  2 hungry ghosts
  Grum (D:8)
  2 wargs
  A water moccasin (D:8)
  An acid dragon (D:12)
  3 slaves (D:6)
  10 orc warriors
  2 ice beasts
  3 sky beasts
  13 ogres
  A necrophage (D:8)
  3 phantoms (D:5)
  4 wolves (D:8)
  19 centaurs
  3 big kobolds (D:8)
  12 bullfrogs
  A gnoll sergeant (D:8)
  A water moccasin zombie (D:4)
  A wyvern zombie (D:12)
  A water moccasin skeleton (D:8)
  Dowan (D:4)
  3 scorpions
  8 killer bees
  8 wights
  3 howler monkeys
  7 crimson imps
  4 bullfrog zombies
  A quasit (D:10)
  4 centaur zombies
  7 hounds
  4 jellies
  Crazy Yiuf (D:3)
  11 orc priests
  4 centaur skeletons
  7 orc wizards
  5 iguanas
  Terence (D:3)
  10 worker ants
  A hound skeleton (D:9)
  A howler monkey zombie (D:4)
  3 worker ant zombies
  4 gnolls (D:8)
  12 adders
  A shadow imp (D:11)
  An ooze (D:5)
  An adder zombie (D:4)
  2 adder skeletons (D:4)
  5 worms
  5 dart slugs
  10 leopard geckos
  61 orcs
  11 bats
  5 giant cockroaches
  5 hobgoblins
  17 jackals
  5 quokkas
  2 ball pythons
  A ball python zombie (D:4)
  3 frilled lizards
  5 goblins
  23 kobolds
  3 leopard gecko skeletons
  A leopard gecko zombie (D:4)
  A quokka skeleton (D:4)
  2 quokka zombies
  2 rats
407 creatures vanquished.

Vanquished Creatures (others)
  A centaur (D:13)
  A fungus (D:9)
2 creatures vanquished.

Grand Total: 409 creatures vanquished

Notes
Turn   | Place    | Note
-------+----------+-------------------------------------------
     0 | D:1      | komo4ek the Spriggan Assassin began the quest for the Orb.
     0 | D:1      | Reached XP level 1. HP: 10/10 MP: 2/2
    19 | D:1      | Reached skill level 6 in Stealth
    62 | D:1      | Reached XP level 2. HP: 14/14 MP: 3/3
   181 | D:1      | Reached skill level 7 in Stealth
   800 | D:1      | Reached XP level 3. HP: 18/18 MP: 4/4
  1208 | D:2      | Found a transporter.
  1424 | D:2      | Found Gozag's Platinum Reserve.
  1428 | D:2      | Found an opulent altar of Gozag.
  1433 | D:2      | Reached skill level 8 in Stealth
  1957 | D:2      | Found a transporter.
  1964 | D:2      | Noticed an ogre
  1965 | D:2      | Found a burning altar of Makhleb.
  1966 | D:2      | Found a glowing golden altar of the Shining One.
  2035 | D:2      | Reached XP level 4. HP: 22/22 MP: 5/5
  2115 | D:3      | Found a sacrificial altar of Ru.
  2202 | D:3      | Found a runed door.
  2240 | D:3      | Noticed Crazy Yiuf
  2244 | D:3      | Killed Crazy Yiuf
  2244 | D:3      | Reached skill level 9 in Stealth
  2650 | D:3      | Found a shattered altar of Ashenzari.
  2757 | D:3      | Reached XP level 5. HP: 17/25 MP: 6/6
  3287 | D:3      | Found a shadowy altar of Dithmenos.
  3290 | D:3      | Became a worshipper of Dithmenos the Shadowed
  3326 | D:3      | Found an ornate altar of the Wu Jian Council.
  3361 | D:3      | Noticed Terence
  3368 | D:3      | Killed Terence
  3368 | D:3      | Reached skill level 10 in Stealth
  3455 | D:4      | Noticed an ogre
  3646 | D:4      | Reached skill level 11 in Stealth
  3646 | D:4      | Reached XP level 6. HP: 30/30 MP: 7/7
  3894 | D:4      | Reached skill level 12 in Stealth
  3910 | D:4      | Noticed kegs's ghost (amateur HOFi)
  4409 | D:4      | Reached XP level 7. HP: 34/34 MP: 8/8
  4452 | D:4      | Found a stormy altar of Qazlal.
  4837 | D:4      | Reached * piety under Dithmenos
  5164 | D:4      | Noticed Dowan
  5166 | D:4      | Noticed Duvessa
  5191 | D:4      | Killed Dowan
  5250 | D:4      | Gained mutation: You are resistant to hostile enchantments. (MR+) [potion of mutation]
  5250 | D:4      | Gained mutation: You are partially covered in slimy green scales. (AC +2) [potion of mutation]
  5646 | D:5      | Entered Level 5 of the Dungeon
  6152 | D:6      | Found a shimmering altar of Xom.
  6257 | D:6      | Noticed Pikel
  6410 | D:6      | Reached skill level 13 in Stealth
  6710 | D:5      | Reached XP level 8. HP: 31/39 MP: 9/9
  7506 | D:5      | Reached ** piety under Dithmenos
  7506 | D:5      | Reached skill level 5 in Dodging
  7629 | D:5      | Reached skill level 14 in Stealth
  8500 | D:6      | Noticed Prince Ribbit
  8535 | D:6      | Found a staircase to the Ecumenical Temple.
  8645 | D:6      | Reached skill level 5 in Short Blades
  8645 | D:6      | Reached XP level 9. HP: 37/45 MP: 10/10
  9650 | D:6      | Killed Prince Ribbit
  9650 | D:6      | Reached skill level 15 in Stealth
 10576 | D:7      | Reached *** piety under Dithmenos
 10621 | D:7      | Killed Pikel
 10621 | D:7      | Reached skill level 16 in Stealth
 10753 | D:7      | You fall through a shaft for 3 floors!
 10753 | D:10     | Entered Level 10 of the Dungeon
 10779 | D:9      | Noticed a two-headed ogre
 10786 | D:9      | Killed a two-headed ogre
 10786 | D:9      | Reached skill level 5 in Fighting
 10786 | D:9      | Reached XP level 10. HP: 51/51 MP: 11/11
 10912 | D:9      | Found a snail-covered altar of Cheibriados.
 11167 | D:9      | Noticed Thaneod's ghost (novice MiAE)
 11467 | D:9      | Learned a level 2 spell: Slow
 11504 | D:9      | Noticed a centaur warrior
 11506 | D:9      | Noticed a centaur warrior
 11571 | D:9      | Reached skill level 1 in Hexes
 11760 | D:9      | Killed a centaur warrior
 12300 | D:8      | Noticed Grum
 12320 | D:8      | Reached skill level 17 in Stealth
 12346 | D:8      | Killed Grum
 13711 | D:8      | Reached **** piety under Dithmenos
 14007 | D:8      | Found an iron altar of Okawaru.
 15142 | D:9      | Reached XP level 11. HP: 56/56 MP: 7/12
 15610 | D:9      | Found a blossoming altar of Fedhas.
 15963 | D:10     | Found a staircase to the Orcish Mines.
 16003 | D:10     | Reached skill level 10 in Dodging
 16088 | D:10     | Noticed Erica
 16095 | D:10     | Killed Erica
 16095 | D:10     | Reached skill level 18 in Stealth
 16295 | D:11     | Noticed an unseen horror
 16297 | D:11     | Killed an unseen horror
 16408 | D:11     | Noticed a harpy
 16408 | D:11     | a hornet changed into a harpy
 16437 | D:11     | Noticed a two-headed ogre
 17163 | D:12     | Reached skill level 5 in Hexes
 17746 | D:12     | Reached skill level 1 in Spellcasting
 18438 | Orc:1    | Entered Level 1 of the Orcish Mines
 18622 | Orc:2    | Entered Level 2 of the Orcish Mines
 18632 | Orc:2    | Noticed an orc knight
 19066 | Orc:2    | Reached skill level 19 in Stealth
 19145 | Orc:2    | Noticed Erolcha
 19305 | Orc:2    | Found a staircase to the Elven Halls.
 20280 | D:13     | Reached XP level 12. HP: 62/62 MP: 12/17
 20562 | D:13     | Noticed a two-headed ogre
 21710 | D:13     | Learned a level 2 spell: Blink
 21822 | D:13     | Reached skill level 1 in Translocations
 22067 | D:13     | Reached skill level 1 in Evocations
 22794 | D:14     | Found a stormy altar of Qazlal.
 22820 | D:14     | Noticed a six-headed hydra
 22824 | D:14     | Reached skill level 1 in Invocations
 23610 | D:13     | Killed a two-headed ogre
 24334 | D:11     | HP: 2/63 [barbs]
 24337 | D:11     | Succumbed to barbed spike wounds

Skill      XL: |  1  2  3  4  5  6  7  8  9 10 11 12 |
---------------+-------------------------------------+-----
Stealth        | 6 7 8 9 11 12 13 14 16 17 19 | 19.5
Dodging        | 2 4 6 8 9 12 13 | 13.2
Fighting       | 2 3 5 6 7 |  7.2
Short Blades   | 3 5 6 7 8 9 |  9.3
Hexes          | 3 6 |  6.9
Spellcasting   | 2 4 |  4.2
Translocations | 4 |  4.4
Evocations     | 2 |  2.5
Invocations    | 2 |  2.0
Throwing       | 3 |  3.0

Action                   |  1- 3 |  4- 6 |  7- 9 | 10-12 || total
-------------------------+-------+-------+-------+-------++-------
Melee: Dagger            |   115 |   264 |   653 |  1803 ||  2835
       Short sword       |       |       |       |   185 ||   185
 Cast: Slow              |       |       |       |     4 ||     4
       Blink             |       |       |       |    11 ||    11
Invok: Shadow Step       |       |       |     1 |    19 ||    20
 Abil: Evoke Berserk Rag |       |       |     1 |       ||     1
Evoke: Wand              |       |     2 |       |     8 ||    10
  Use: Potion            |       |     1 |    10 |    11 ||    22
       Scroll            |       |       |     9 |    10 ||    19
 Stab: Sleeping          |    14 |    18 |    25 |    53 ||   110
       Distracted        |     2 |     1 |     2 |    18 ||    23
       Invisible         |       |       |     1 |       ||     1
  Eat: Ration            |       |     1 |     4 |    10 ||    15
Armor: Robe              |    14 |    20 |    44 |    64 ||   142
Dodge: Dodged            |    80 |   154 |   449 |  1575 ||  2258
